 Dungeon Crawl Stone Soup version 0.25.1-2-g60ff931df9 (webtiles) character file.

Game seed: 17960450718184436848

642 Johnny the Chiller (level 7, -1/85 HPs)
             Began as a Demigod Ice Elementalist on Sept 6, 2020.
             Slain by a centaur (5 damage)
             ... on level 4 of the Dungeon.
             The game lasted 00:07:00 (7137 turns).

Johnny the Chiller (Demigod Ice Elementalist)       Turns: 7137, Time: 00:07:01

Health: -1/85      AC: 23    Str:  8 (11) XL:     7   Next: 5%
Magic:  15/15      EV:  2    Int: 22 (23) God:
Gold:   195        SH:  0    Dex: 13 (16) Spells: 9/13 levels left

rFire    . . .     SeeInvis .   n - +5 quarterstaff (chaos)
rCold    . . .     Gourm    .   (shield currently unavailable)
rNeg     + + +     Faith    .   (armour currently unavailable)
rPois    +         Spirit   .   (helmet currently unavailable)
rElec    .         Reflect  .   (cloak currently unavailable)
rCorr    .         Harm     .   (gloves currently unavailable)
MR       .....     NoTele   +   (boots currently unavailable)
Stlth    ++........             (no amulet)
HPRegen  0.24/turn              (no ring)
MPRegen  0.14/turn              (no ring)

@: tree-form, very slightly contaminated
A: high mp 1
a: no special abilities


You were on level 4 of the Dungeon.
You were not hungry.
You were a tree.
You visited 1 branch of the dungeon, and saw 5 of its levels.

You collected 195 gold pieces.

Inventory:

Hand Weapons
 n - a +5 quarterstaff of chaos (weapon)
 r - a +1 dagger of draining
 s - a +2 mace of protection
Armour
 a - a +0 robe (melded)
 h - a +0 helmet (melded)
 q - a +0 cloak (melded)
Scrolls
 d - a scroll of amnesia
 i - 4 scrolls of teleportation
 k - 3 scrolls of remove curse
 m - a scroll of enchant armour
 o - a scroll of fog
Potions
 b - a potion of stabbing {unknown}
 g - a potion of haste
 l - a potion of curing {unknown}
Comestibles
 c - 12 rations


   Skills:
 + Level 3.3 Fighting
 - Level 1.7 Dodging
 - Level 1.7 Stealth
 + Level 3.6 Spellcasting
 * Level 6.3 Ice Magic


You had 9 spell levels left.
You knew the following spells:

 Your Spells              Type           Power        Failure   Level  Hunger
a - Freeze                Ice            ####         1%          1    None
b - Frozen Ramparts       Ice            ####..       2%          3    ###....

Your spell library contained the following spells:

 Spells                   Type           Power        Failure   Level  Hunger
 Ozocubu's Armour         Chrm/Ice       ###.....     10%         3    ###....
 Hailstorm                Conj/Ice       ###.....     32%         4    ####...
 Summon Ice Beast         Ice/Summ       ###.....     32%         4    ####...


Dungeon Overview and Level Annotations

Branches:
Dungeon (5/15)
 Temple: D:4-7


Innate Abilities, Weirdness & Mutations

You have an increased reservoir of magic. (+10% MP)


Message History

The centaur barely misses you. The centaur closely misses you.
Blink to where?
Press: ? - help, Dir - move target cursor, p - centaur You are very lightly contaminated with residual magic.
As you read the scroll of blinking, it crumbles to dust.
A giant cockroach comes into view.
The giant cockroach closely misses you. The centaur hits you.
* * * LOW HITPOINT WARNING * * *
You climb upwards.
There is a stone staircase leading down here.
Unknown command.
It was a potion of lignification.
You turn into a tree.
Your +0 cloak melds into your body.
Your +0 helmet melds into your body.
Your +0 robe melds into your body.
Your roots penetrate the ground.
The centaur hits you but does no damage. x2
It was a potion of degeneration.
There was something very wrong with that liquid.
You feel weakened.
You feel dopey.
You feel clumsy. The centaur hits you.
You die...

##### ##########
#...# #........#
###.#.### #.######.#
#########...#...##
#.# #.#
#......<..#####...
#.# #.#
#.#######...#...##
### ###.#######♣####
#...#.###
######...........c..#
#.#...#
..#..###.#####.####.#
#.#..## ##....####
#.# #.# #.#..#
##....## #.# #.#
#.#..# ###...# ###
#.####.#..#####
###.##
#...<..#....... ###
##...## ####
########.#.#...
..###.÷##.####..#
#.#.....


You could see a centaur.

Vanquished Creatures
  A phantom (D:4)
  Purgy (D:3)
  A vampire bat (D:4)
  A howler monkey (D:4)
  Crazy Yiuf (D:3)
  A hound (D:4)
  An orc wizard (D:3)
  Robin (D:4)
  A howler monkey skeleton (D:4)
  8 adders
  An ooze (D:2)
  An adder zombie (D:5)
  2 worms
  2 dart slugs
  3 fire bats (D:4)
  2 leopard geckos
  6 orcs
  A spectral bat (D:4)
  19 bats
  3 bat skeletons (D:4)
  A bat zombie (D:4)
  5 giant cockroaches
  21 goblins
  11 hobgoblins
  3 jackals
  8 kobolds
  3 quokkas
  A ball python (D:4)
  A bat simulacrum (D:4)
  5 frilled lizards
  12 rats
128 creatures vanquished.

Vanquished Creatures (others)
  A spectral bat (D:4)
1 creature vanquished.

Grand Total: 129 creatures vanquished

Notes
Turn   | Place    | Note
-------+----------+-------------------------------------------
     0 | D:1      | Johnny the Demigod Ice Elementalist began the quest for the
                  | Orb.
     0 | D:1      | Reached XP level 1. HP: 14/14 MP: 5/5
   363 | D:1      | Reached XP level 2. HP: 14/22 MP: 4/7
   647 | D:1      | Reached skill level 4 in Ice Magic
  1210 | D:2      | Reached skill level 1 in Fighting
  1544 | D:2      | Reached XP level 3. HP: 14/28 MP: 4/8
  3016 | D:2      | Reached XP level 4. HP: 31/35 MP: 10/10
  3473 | D:3      | Learned a level 3 spell: Frozen Ramparts
  3556 | D:3      | Noticed Purgy
  4769 | D:3      | Found a runed translucent door.
  4770 | D:3      | Noticed Crazy Yiuf
  4829 | D:3      | Reached skill level 5 in Ice Magic
  4829 | D:3      | Reached XP level 5. HP: 26/41 MP: 8/11
  5003 | D:3      | Found a hide-covered altar of Uskayaw.
  5006 | D:3      | Noticed a +0 dagger
  5006 | D:3      | Noticed a +0 dagger
  5296 | D:3      | Found a shimmering altar of Xom.
  5296 | D:3      | Found a snail-covered altar of Cheibriados.
  5532 | D:3      | Killed Crazy Yiuf
  5710 | D:3      | Killed Purgy
  5797 | D:4      | Noticed Robin
  5807 | D:4      | Reached XP level 6. HP: 35/50 MP: 9/13
  5809 | D:4      | Killed Robin
  6500 | D:4      | Reached skill level 6 in Ice Magic
  6622 | D:4      | Found a sparkling altar of Nemelex Xobeh.
  6813 | D:4      | Reached XP level 7. HP: 52/57 MP: 11/15
  7106 | D:5      | Entered Level 5 of the Dungeon
  7134 | D:5      | HP: 2/57 [centaur (4)]
  7137 | D:4      | Slain by a centaur

Illustrated notes

Levels and vault maps discovered:
D:1:      nzn_arrival_settlement, layout_basic
D:2:      layout_basic
D:3:      layout_loops_ring, dancing_weapons_uskayaw,
          nicolae_overflow_hidden_temple, first_ration, minmay_diced_spiral,
          uniq_purgy, uniq_crazy_yiuf_cottage
D:4:      layout_loops_ring, nemelex_xobeh_ov_fountains_minmay, goddamned_bats,
          uniq_robin
D:5:      layout_cave_pools, enter_ossuary_2

Skill      XL: |  1  2  3  4  5  6 |
---------------+-------------------+-----
Spellcasting   | 2 3 |  3.6
Ice Magic      | 4 5 6 |  6.3
Fighting       | 1 2 3 |  3.3
Dodging        | |  1.7
Stealth        | |  1.7

Action                   |  1- 3 |  4- 6 |  7- 9 || total
-------------------------+-------+-------+-------++-------
Melee: Unarmed           |    29 |       |       ||    29
       Short sword       |    73 |   137 |       ||   210
       Quarterstaff      |       |    31 |     8 ||    39
       Dagger            |       |    14 |       ||    14
 Cast: Freeze            |    47 |    11 |     4 ||    62
       Frozen Ramparts   |       |    14 |     2 ||    16
  Use: Scroll            |       |    12 |     2 ||    14
       Potion            |       |       |     3 ||     3
 Stab: Sleeping          |     2 |     5 |       ||     7
  Eat: Chunk             |     7 |    13 |     1 ||    21
Armor: Robe              |    35 |    61 |    16 ||   112
       Skin              |       |       |     2 ||     2
Dodge: Dodged            |   114 |   168 |    35 ||   317
